General information
- name: BNet
- type: Ladder team game (AT/RT)
- host: Battle.net
- saver: iMlCRO
map: UpperKingdom
- players: 6
- length: 41:03
- speed: Fast
- version: 1.24 W3XP
- replay type: Public
» download(331 KB)
Players
team 1 (loser)
MatriX[RiP] (
yellow | 142 APM | 5807 actions | 40:56)
7 Death Knight
3 Death Coil
3 Unholy Aura
1 Animate Dead
4 Lich
2 Frost Nova
2 Frost Armor
» actions
| Assign group hotkey | 20 | |
| Basic commands | 114 | |
| Build / train | 52 | |
| ESC pressed | 1 | |
| Enter build submenu | 23 | |
| Enter hero's abilities submenu | 11 | |
| Give item / drop item | 7 | |
| Right click | 2680 | |
| Select / deselect | 547 | |
| Select group hotkey | 2244 | |
| Use ability | 108 | |
5807 total
» units
| Acolyte | 3 | |
| Ghoul | 3 | |
| Crypt Fiend | 9 | |
| Frost Wyrm | 4 | |
19 total
» upgrades
» buildings
| Graveyard | 1 | |
| Crypt | 1 | |
| Ziggurat | 7 | |
| Altar of Darkness | 1 | |
| Tomb of Relics | 1 | |
| Nerubian Tower | 1 | |
| Halls of the Dead | 2 | |
| Black Citadel | 1 | |
| Sacrificial Pit | 1 | |
| Boneyard | 2 | |
18 total
» build order
00:26 Graveyard
00:29 Crypt
00:36 Ziggurat
00:39 Ziggurat
00:56 Altar of Darkness
01:17 Tomb of Relics
01:58 Ziggurat
02:10 Nerubian Tower
04:16 Halls of the Dead
04:16 Halls of the Dead
04:39 Ziggurat
05:04 Ziggurat
06:48 Black Citadel
07:09 Sacrificial Pit
07:36 Ziggurat
09:18 Boneyard
09:32 Boneyard
10:14 Ziggurat
» items
| Rod of Necromancy | 1 | |
| Potion of Healing | 2 | |
| Dust of Appearance | 1 | |
| Scroll of Town Portal | 6 | |
| Healing Salve | 1 | |
| Orb of Corruption | 1 | |
| Lesser Clarity Potion | 1 | |
| Orb of Fire | 1 | |
14 total
O[r]Co (
red | 94 APM | 3839 actions | 40:54)
4 Far Seer
2 Feral Spirit
2 Chain Lighting
3 Tauren Chieftain
2 Endurance Aura
1 War Stomp
» actions
| Assign group hotkey | 48 | |
| Basic commands | 39 | |
| Build / train | 60 | |
| ESC pressed | 2 | |
| Enter build submenu | 30 | |
| Enter hero's abilities submenu | 7 | |
| Give item / drop item | 3 | |
| Right click | 1732 | |
| Select / deselect | 494 | |
| Select group hotkey | 1306 | |
| Use ability | 118 | |
3839 total
» units
| Peon | 19 | |
| Grunt | 7 | |
| Raider | 3 | |
| Spirit Walker | 3 | |
| Wind Rider | 2 | |
34 total
» upgrades
| Berserker Strength | 1 | |
| Ensnare | 1 | |
| Spirit Walker Training | 2 | |
| Reinforced Defenses | 1 | |
| Armor | 1 | |
| Envenomed Spears | 1 | |
| Pillage | 1 | |
| Ranged Weapons | 1 | |
9 total
» buildings
| Altar of Storms | 4 | |
| Orc Burrow | 14 | |
| Barracks | 1 | |
| Voodoo Lounge | 1 | |
| Stronghold | 2 | |
| Spirit Lodge | 1 | |
| Beastiary | 2 | |
| War Mill | 1 | |
| Fortress | 1 | |
| Great Hall | 3 | |
30 total
» build order
00:09 Altar of Storms
00:19 Orc Burrow
00:33 Barracks
01:30 Orc Burrow
02:01 Voodoo Lounge
03:13 Stronghold
04:39 Orc Burrow
06:17 Spirit Lodge
06:23 Beastiary
06:45 Orc Burrow
08:14 Orc Burrow
08:19 Orc Burrow
09:10 War Mill
09:24 Orc Burrow
09:56 Fortress
11:08 Great Hall
13:09 Beastiary
17:07 Orc Burrow
17:09 Orc Burrow
19:42 Great Hall
22:29 Orc Burrow
22:31 Altar of Storms
22:34 Orc Burrow
22:46 Great Hall
23:18 Orc Burrow
23:21 Orc Burrow
24:54 Stronghold
25:40 Altar of Storms
25:48 Orc Burrow
26:42 Altar of Storms
» items
| Healing Salve | 1 | |
| Lesser Clarity Potion | 2 | |
| Scroll of Town Portal | 2 | |
5 total
umass10 (
blue | 120 APM | 4941 actions | 41:02)
4 Archmage
2 Summon Water Elemental
2 Brilliance Aura
5 Mountain King
3 Storm Bolt
2 Bash
1 Pit Lord
1 Rain of Fire
» actions
| Assign group hotkey | 68 | |
| Basic commands | 94 | |
| Build / train | 151 | |
| ESC pressed | 1 | |
| Enter build submenu | 110 | |
| Enter hero's abilities submenu | 10 | |
| Give item / drop item | 1 | |
| Remove unit from queue | 1 | |
| Right click | 1770 | |
| Select / deselect | 1007 | |
| Select group hotkey | 1515 | |
| Use ability | 213 | |
4941 total
» units
| Peasant | 31 | |
| Footman | 4 | |
| Mortar Team | 6 | |
| Sorceress | 3 | |
| Priest | 2 | |
| Spell Breaker | 1 | |
| Knight | 3 | |
| Siege Engine | 13 | |
| Gryphon Rider | 5 | |
68 total
» upgrades
| Gunpowder | 1 | |
| Lumber Harvesting | 1 | |
| Magic Sentry | 1 | |
| Masonry | 4 | |
7 total
» buildings
| Altar of Kings | 2 | |
| Barracks | 3 | |
| Farm | 17 | |
| Scout Tower | 52 | |
| Arcane Tower | 5 | |
| Arcane Vault | 2 | |
| Keep | 2 | |
| Blacksmith | 3 | |
| Lumber Mill | 4 | |
| Arcane Sanctum | 1 | |
| Workshop | 6 | |
| Town Hall | 7 | |
| Guard Tower | 33 | |
| Castle | 1 | |
| Gryphon Aviary | 4 | |
142 total
» build order
00:17 Altar of Kings
00:23 Barracks
00:35 Farm
01:05 Farm
01:46 Farm
02:13 Scout Tower
02:42 Arcane Tower
03:20 Arcane Vault
03:35 Keep
03:45 Farm
04:16 Blacksmith
04:30 Lumber Mill
05:26 Farm
06:00 Arcane Sanctum
06:12 Workshop
07:25 Farm
07:40 Farm
09:48 Town Hall
11:35 Scout Tower
11:36 Scout Tower
12:33 Guard Tower
12:33 Scout Tower
13:00 Guard Tower
13:01 Scout Tower
13:51 Guard Tower
13:59 Farm
14:00 Farm
14:02 Farm
14:19 Keep
14:22 Scout Tower
14:24 Scout Tower
15:05 Guard Tower
15:37 Guard Tower
15:39 Scout Tower
16:51 Altar of Kings
17:01 Arcane Tower
17:26 Scout Tower
17:28 Farm
17:30 Farm
17:32 Farm
17:57 Castle
17:59 Barracks
18:03 Barracks
18:18 Lumber Mill
18:22 Blacksmith
18:49 Scout Tower
18:56 Scout Tower
18:57 Scout Tower
19:01 Arcane Tower
19:03 Lumber Mill
19:20 Guard Tower
19:24 Guard Tower
19:26 Guard Tower
19:26 Guard Tower
19:38 Scout Tower
19:40 Scout Tower
19:41 Scout Tower
19:45 Scout Tower
19:49 Scout Tower
20:03 Scout Tower
20:10 Guard Tower
20:22 Guard Tower
20:23 Farm
20:25 Farm
20:28 Farm
20:29 Farm
22:18 Arcane Vault
23:37 Town Hall
23:38 Scout Tower
23:40 Scout Tower
23:41 Scout Tower
23:44 Scout Tower
24:13 Guard Tower
24:13 Scout Tower
24:15 Scout Tower
24:16 Scout Tower
24:18 Scout Tower
24:41 Guard Tower
24:42 Guard Tower
24:43 Guard Tower
24:45 Guard Tower
24:46 Scout Tower
24:48 Scout Tower
24:51 Scout Tower
24:53 Scout Tower
25:32 Guard Tower
25:33 Guard Tower
25:35 Arcane Tower
25:36 Guard Tower
25:36 Guard Tower
25:40 Scout Tower
25:46 Scout Tower
25:48 Scout Tower
26:29 Guard Tower
26:33 Guard Tower
26:56 Town Hall
26:59 Scout Tower
27:00 Scout Tower
27:02 Scout Tower
27:03 Scout Tower
27:05 Scout Tower
27:06 Scout Tower
27:29 Guard Tower
27:30 Guard Tower
27:31 Scout Tower
27:32 Scout Tower
27:34 Scout Tower
27:37 Scout Tower
27:39 Scout Tower
27:40 Guard Tower
27:57 Gryphon Aviary
28:02 Guard Tower
28:04 Scout Tower
28:05 Guard Tower
28:06 Scout Tower
28:09 Scout Tower
28:10 Guard Tower
28:37 Guard Tower
29:15 Guard Tower
29:48 Workshop
29:52 Workshop
30:08 Scout Tower
30:10 Scout Tower
30:12 Scout Tower
30:34 Scout Tower
30:35 Scout Tower
30:38 Guard Tower
30:39 Guard Tower
30:41 Arcane Tower
30:46 Lumber Mill
31:08 Guard Tower
31:11 Town Hall
31:46 Workshop
31:49 Workshop
32:19 Workshop
37:21 Gryphon Aviary
37:26 Gryphon Aviary
37:28 Gryphon Aviary
37:31 Blacksmith
37:39 Town Hall
37:45 Town Hall
38:21 Town Hall
» items
| Potion of Healing | 2 | |
| Potion of Mana | 1 | |
| Ivory Tower | 6 | |
| Mechanical Critter | 2 | |
| Scroll of Town Portal | 4 | |
| Lesser Clarity Potion | 2 | |
| Staff of Sanctuary | 1 | |
| Scroll of Regeneration | 1 | |
19 total
team 2 (winner)

»
iMlCRO (
purple | 72 APM | 2948 actions | 41:03)
3 Blademaster
2 Wind Walk
1 Critical Strike
» actions
| Assign group hotkey | 62 | |
| Basic commands | 50 | |
| Build / train | 88 | |
| ESC pressed | 5 | |
| Enter build submenu | 33 | |
| Enter hero's abilities submenu | 3 | |
| Right click | 1647 | |
| Select / deselect | 411 | |
| Select group hotkey | 550 | |
| Use ability | 99 | |
2948 total
» units
| Peon | 28 | |
| Grunt | 7 | |
| Troll Witch Doctor | 6 | |
| Tauren | 7 | |
| Demolisher | 3 | |
51 total
» upgrades
| Witch Doctor Training | 2 | |
| Armor | 2 | |
| Ranged Weapons | 1 | |
| Melee Weapons | 2 | |
| Pulverize | 1 | |
| Reinforced Defenses | 1 | |
9 total
» buildings
| Altar of Storms | 2 | |
| Orc Burrow | 8 | |
| Barracks | 3 | |
| Voodoo Lounge | 1 | |
| Stronghold | 5 | |
| War Mill | 2 | |
| Fortress | 2 | |
| Spirit Lodge | 1 | |
| Great Hall | 4 | |
| Tauren Totem | 3 | |
31 total
» build order
00:08 Altar of Storms
00:19 Orc Burrow
00:36 Barracks
01:31 Orc Burrow
02:11 Voodoo Lounge
03:11 Stronghold
03:12 Stronghold
03:12 Stronghold
03:38 Orc Burrow
04:11 War Mill
04:56 Orc Burrow
05:43 Fortress
05:47 Spirit Lodge
06:45 Great Hall
06:50 Great Hall
08:27 Tauren Totem
09:18 Tauren Totem
09:49 Orc Burrow
15:33 Orc Burrow
16:50 Tauren Totem
24:18 Great Hall
32:02 Great Hall
32:08 Altar of Storms
35:09 Orc Burrow
36:51 Stronghold
36:57 Barracks
37:59 War Mill
38:05 Orc Burrow
40:23 Barracks
40:54 Fortress
» items
| Healing Salve | 2 | |
| Lesser Clarity Potion | 2 | |
| Scroll of Town Portal | 9 | |
| Orb of Lightning | 1 | |
14 total

»
MOVIESCENES (
pink | 67 APM | 2755 actions | 41:03)
6 Death Knight
3 Death Coil
2 Unholy Aura
1 Animate Dead
5 Lich
3 Frost Nova
2 Frost Armor
4 Dreadlord
2 Carrion Swarm
2 Sleep
» actions
| Assign group hotkey | 97 | |
| Basic commands | 225 | |
| Build / train | 54 | |
| Enter build submenu | 14 | |
| Enter hero's abilities submenu | 16 | |
| Give item / drop item | 1 | |
| Right click | 1191 | |
| Select / deselect | 337 | |
| Select group hotkey | 710 | |
| Use ability | 109 | |
2755 total
» units
| Acolyte | 2 | |
| Ghoul | 3 | |
| Crypt Fiend | 8 | |
| Obsidian Statue | 5 | |
18 total
» upgrades
| Creature Attack | 2 | |
| Creature Carapace | 2 | |
| Burrow | 1 | |
| Destroyer Form | 1 | |
| Web | 1 | |
7 total
» buildings
| Graveyard | 1 | |
| Crypt | 1 | |
| Altar of Darkness | 1 | |
| Ziggurat | 7 | |
| Tomb of Relics | 1 | |
| Nerubian Tower | 1 | |
| Halls of the Dead | 1 | |
| Black Citadel | 1 | |
| Slaughterhouse | 1 | |
| Sacrificial Pit | 1 | |
| Spirit Tower | 1 | |
17 total
» build order
00:11 Graveyard
00:16 Crypt
00:44 Altar of Darkness
01:00 Ziggurat
01:37 Tomb of Relics
02:04 Ziggurat
02:13 Nerubian Tower
04:25 Halls of the Dead
04:44 Ziggurat
06:00 Ziggurat
07:32 Black Citadel
07:58 Slaughterhouse
09:31 Ziggurat
14:01 Ziggurat
14:36 Sacrificial Pit
14:41 Ziggurat
18:26 Spirit Tower
» items
| Rod of Necromancy | 2 | |
| Orb of Corruption | 1 | |
| Scroll of Town Portal | 3 | |
6 total

»
TeeKs (
orange | 97 APM | 3978 actions | 41:03)
7 Blademaster
3 Wind Walk
3 Critical Strike
1 Bladestorm
6 Shadow Hunter
2 Hex
3 Healing Wave
1 Big Bad Voodoo
» actions
| Assign group hotkey | 64 | |
| Basic commands | 433 | |
| Build / train | 102 | |
| Enter build submenu | 51 | |
| Enter hero's abilities submenu | 13 | |
| Give item / drop item | 2 | |
| Right click | 1193 | |
| Select / deselect | 490 | |
| Select group hotkey | 1441 | |
| Use ability | 189 | |
3978 total
» units
| Peon | 16 | |
| Grunt | 4 | |
| Raider | 12 | |
| Shaman | 4 | |
| Wind Rider | 3 | |
| Demolisher | 6 | |
45 total
» upgrades
| Melee Weapons | 3 | |
| Ensnare | 1 | |
| Shaman Training | 2 | |
| Pillage | 1 | |
| Armor | 2 | |
| Reinforced Defenses | 1 | |
| Ranged Weapons | 3 | |
| Burning Oil | 1 | |
14 total
» buildings
| Altar of Storms | 1 | |
| Orc Burrow | 6 | |
| Barracks | 1 | |
| Voodoo Lounge | 2 | |
| Stronghold | 1 | |
| War Mill | 1 | |
| Fortress | 1 | |
| Beastiary | 4 | |
| Spirit Lodge | 1 | |
| Great Hall | 5 | |
| Watch Tower | 21 | |
44 total
» build order
00:11 Altar of Storms
00:15 Orc Burrow
00:41 Barracks
01:34 Orc Burrow
01:43 Voodoo Lounge
03:29 Stronghold
04:08 War Mill
04:11 Orc Burrow
05:53 Fortress
05:57 Beastiary
06:13 Beastiary
07:35 Orc Burrow
07:40 Spirit Lodge
09:24 Orc Burrow
10:04 Great Hall
14:32 Orc Burrow
15:48 Great Hall
18:52 Watch Tower
18:55 Watch Tower
19:11 Watch Tower
19:12 Watch Tower
19:19 Watch Tower
19:20 Watch Tower
19:21 Watch Tower
19:36 Watch Tower
19:38 Watch Tower
19:46 Watch Tower
19:47 Watch Tower
19:49 Watch Tower
19:56 Watch Tower
22:20 Beastiary
22:21 Beastiary
22:50 Great Hall
27:06 Great Hall
27:59 Watch Tower
28:02 Watch Tower
29:35 Watch Tower
29:35 Watch Tower
30:11 Watch Tower
30:12 Watch Tower
30:14 Watch Tower
33:57 Watch Tower
38:20 Great Hall
40:44 Voodoo Lounge
» items
| Healing Salve | 3 | |
| Lesser Clarity Potion | 1 | |
| Scroll of Speed | 3 | |
| Scroll of Town Portal | 5 | |
| Orb of Corruption | 1 | |
13 total
Chat log
(00:26 / Allies) iMlCRO: garg feed
(00:26 / Allies) iMlCRO: lol
(00:31 / Allies) MOVIESCENES: zzz no ty
(00:32 / Allies) MOVIESCENES: lol
(00:59 / Allies) iMlCRO: bm
(01:15 / Allies) MOVIESCENES: rape thier hu hard
(01:48 / Allies) iMlCRO: im gettin mad lag
(01:49 / Allies) iMlCRO: delay*
(01:55 / Allies) MOVIESCENES: then fix it bitch
(01:56 / Allies) iMlCRO: hu
(02:37 / Allies) MOVIESCENES: lol
(03:24 / Allies) MOVIESCENES: ?
(03:27 / Allies) iMlCRO: red coming for u
(03:35 / Allies) MOVIESCENES: fs
(03:36 / Allies) MOVIESCENES: lol
(04:12 / Allies) iMlCRO: what units u going
(04:36 / Allies) iMlCRO: smart.
(04:36 / Allies) iMlCRO: lol
(04:50 / Allies) MOVIESCENES: no idea how he lvl 2
(04:58 / Allies) iMlCRO: teeks
(04:59 / Allies) iMlCRO: what units
(05:15 / Allies) TeeKs: raiders
(05:20 / Allies) iMlCRO: k
(05:22 / Allies) iMlCRO: what should i go
(05:24 / Allies) iMlCRO: wyvs bats?
(05:29 / Allies) TeeKs: taurens
(05:34 / Allies) TeeKs: docs
(05:36 / Allies) iMlCRO: k
(05:38 / Allies) TeeKs: il get lust
(06:45 / Allies) MOVIESCENES: go rass denny boy
(07:11 / Allies) iMlCRO: :O
(08:17 / Allies) iMlCRO: wood
(09:01 / Allies) iMlCRO: anyone wood
(09:24 / Allies) iMlCRO: wtf is with my delay
(09:42 / Allies) iMlCRO: im getting massive delay
(09:43 / Allies) iMlCRO: ...
(10:33 / Allies) MOVIESCENES: gay
(10:35 / Allies) MOVIESCENES: red yellow
(10:56 / Allies) iMlCRO: i cant play in this dumb lag
(11:04 / Allies) iMlCRO: im level 2 -.-
(11:16 / Allies) MOVIESCENES: wtf denn
(11:29 / Allies) TeeKs: its 2
(11:50 / Allies) iMlCRO: blue
(11:51 / Allies) MOVIESCENES: fuckin misssclick
(12:04 / Allies) TeeKs: b up
(12:05 / Allies) TeeKs: its 3
(12:11 / Allies) MOVIESCENES: b
(12:27 / Allies) MOVIESCENES: i got
(12:28 / Allies) MOVIESCENES: ank
(12:36 / Allies) iMlCRO: :O
(12:39 / Allies) MOVIESCENES: WTF
(12:41 / Allies) MOVIESCENES: SERIOUS
(12:42 / Allies) MOVIESCENES: BULLSHIT
(12:43 / Allies) MOVIESCENES: I CLICKED
(12:44 / Allies) MOVIESCENES: 4 TIME
(12:49 / Allies) iMlCRO: hm
(12:50 / Allies) iMlCRO: bad news
(13:02 / Allies) iMlCRO: whatre we doing
(13:04 / Allies) MOVIESCENES: WHAT A JOKE
(13:15 / Allies) MOVIESCENES: GO
(13:15 / Allies) MOVIESCENES: TARUENS
(13:16 / Allies) MOVIESCENES: GO
(13:17 / Allies) MOVIESCENES: ZZZ
(14:02 / Allies) iMlCRO: wood me anyone
(14:16 / Allies) iMlCRO: ty
(14:23 / Allies) MOVIESCENES: cant believe
(14:24 / Allies) TeeKs: i killed blue
(14:25 / Allies) MOVIESCENES: dk didnt tp
(14:28 / Allies) MOVIESCENES: yeah gj
(14:38 / Allies) iMlCRO: think he expoed it
(14:43 / Allies) TeeKs: go hit yellow
(14:58 / Allies) MOVIESCENES: omw
(15:16 / Allies) MOVIESCENES: come
(15:32 / Allies) MOVIESCENES: gold me denn
(15:34 / Allies) TeeKs: lol check out the auras i got wit bm
(15:40 / Allies) iMlCRO: lol
(16:19 / Allies) MOVIESCENES: hall
(16:24 / Allies) TeeKs: 2 there
(16:25 / Allies) iMlCRO: whats it look like im attacking
(16:31 / Allies) MOVIESCENES: b
(16:34 / Allies) MOVIESCENES: out
(16:42 / Allies) MOVIESCENES: all tpoed lol
(16:48 / Allies) TeeKs: go 100 food pink
(17:03 / Allies) MOVIESCENES: get
(17:04 / Allies) MOVIESCENES: ur
(17:05 / Allies) MOVIESCENES: tarurens
(17:05 / Allies) MOVIESCENES: back
(17:08 / Allies) MOVIESCENES: they gonna counter
(17:28 / Allies) TeeKs: can we fight ?
(17:32 / Allies) MOVIESCENES: no
(17:33 / Allies) MOVIESCENES: jesus
(17:38 / Allies) TeeKs: get taurens out
(17:51 / Allies) MOVIESCENES: u only have 4 tauen wit expo? =(
(17:54 / Allies) iMlCRO: they died
(17:56 / Allies) iMlCRO: when i hit yellow
(17:57 / Allies) iMlCRO: ..
(18:00 / Allies) iMlCRO: they tped on my face
(18:21 / Allies) MOVIESCENES: tp to me?
(18:36 / Allies) TeeKs: u finish orc
(18:37 / Allies) MOVIESCENES: yes no
(18:45 / Allies) TeeKs: sac
(18:52 / Allies) iMlCRO: dude
(18:54 / Allies) iMlCRO: i have the worst delay
(19:00 / Allies) iMlCRO: thats why i didnt tp quickly at yellow
(19:21 / Allies) iMlCRO: want to gold me
(19:23 / Allies) iMlCRO: so i can get a expo up
(19:36 / Allies) iMlCRO: 200 teeks?
(20:17 / Allies) TeeKs: be rdy to tp
(20:30 / Allies) TeeKs: tp in front
(20:30 / Allies) MOVIESCENES: go
(20:33 / Allies) iMlCRO: go
(20:36 / Allies) iMlCRO: im inbetween beastiaris
(22:00 / Allies) MOVIESCENES: rofl?
(22:03 / Allies) iMlCRO: thats good
(22:03 / Allies) iMlCRO: lol
(22:10 / Allies) iMlCRO: gold me
(22:11 / Allies) iMlCRO: teeks
(22:11 / Allies) iMlCRO: 200
(22:28 / Allies) MOVIESCENES: need gold for tp lawl
(22:36 / Allies) iMlCRO: :O
(22:40 / Allies) iMlCRO: can i get gold to remake hall
(22:51 / Allies) MOVIESCENES: i needa tp sec
(22:57 / Allies) MOVIESCENES: gold me fro one
(22:58 / Allies) MOVIESCENES: i got 0
(23:06 / Allies) MOVIESCENES: gold
(23:07 / Allies) MOVIESCENES: me
(23:07 / Allies) MOVIESCENES: d
(23:09 / Allies) MOVIESCENES: dennis
(23:11 / Allies) MOVIESCENES: now
(23:24 / Allies) MOVIESCENES: wait fo meeee
(23:38 / Allies) iMlCRO: what am i gonna do with 100g
(23:38 / Allies) iMlCRO: lol
(23:54 / Allies) iMlCRO: wow
(24:07 / Allies) TeeKs: b
(24:09 / Allies) iMlCRO: need 12 more gold
(24:20 / Allies) iMlCRO: ty
(24:48 / Allies) TeeKs: gettin demos
(24:51 / Allies) MOVIESCENES: mmmk
(25:19 / Allies) MOVIESCENES: fuck
(25:20 / Allies) MOVIESCENES: just got uyp
(25:37 / Allies) iMlCRO: your bm is large
(25:37 / Allies) iMlCRO: lol
(25:40 / Allies) MOVIESCENES: goooood
(25:42 / Allies) TeeKs: lol
(26:04 / Allies) iMlCRO: hes comingf for mine!
(26:05 / Allies) iMlCRO: fuck
(26:07 / Allies) iMlCRO: L(
(26:15 / Allies) MOVIESCENES: check
(26:16 / Allies) MOVIESCENES: r
(26:28 / Allies) MOVIESCENES: omfg
(26:44 / Allies) MOVIESCENES: dk has pot and ank dont ff it in battle
(27:05 / Allies) MOVIESCENES: wtf
(27:06 / Allies) MOVIESCENES: omfg
(27:06 / Allies) iMlCRO: fuck
(27:07 / Allies) iMlCRO: -.-
(27:11 / Allies) MOVIESCENES: gotta be kidding me
(27:13 / Allies) TeeKs: gogo
(27:20 / Allies) MOVIESCENES: jsut go? lol
(27:59 / Allies) MOVIESCENES: tauren tank it u storm it?
(28:06 / Allies) TeeKs: k
(28:07 / Allies) TeeKs: gogo
(28:08 / Allies) MOVIESCENES: rdy
(28:11 / Allies) MOVIESCENES: go
(28:42 / Allies) iMlCRO: :O
(28:45 / Allies) MOVIESCENES: knights
(28:46 / Allies) MOVIESCENES: omfg
(28:50 / Allies) iMlCRO: only 4
(28:50 / Allies) iMlCRO: lol
(28:55 / Allies) iMlCRO: gettin owned by towers
(28:56 / Allies) MOVIESCENES: but he makin
(29:03 / Allies) iMlCRO: farseers coming out
(29:04 / Allies) iMlCRO: rape it again
(29:04 / Allies) iMlCRO: lol
(29:05 / Allies) MOVIESCENES: lol
(29:06 / Allies) iMlCRO: lol
(29:11 / Allies) iMlCRO: let it out
(29:12 / Allies) iMlCRO: lol
(29:21 / Allies) MOVIESCENES: tp?
(29:27 / Allies) iMlCRO: no need
(29:28 / Allies) MOVIESCENES: go
(29:29 / Allies) MOVIESCENES: mid
(29:30 / Allies) MOVIESCENES: they might
(29:31 / Allies) MOVIESCENES: go heal
(29:32 / Allies) MOVIESCENES: mid
(29:33 / Allies) MOVIESCENES: LOL
(29:37 / Allies) iMlCRO: run bm run!
(29:44 / Allies) MOVIESCENES: mk was low
(29:51 / Allies) iMlCRO: MK DOWN
(30:12 / Allies) iMlCRO: i have 349
(30:14 / Allies) iMlCRO: need 385
(30:14 / Allies) iMlCRO: lol
(30:17 / Allies) MOVIESCENES: when u get storm
(30:18 / Allies) MOVIESCENES: again
(30:18 / Allies) iMlCRO: want me to give to u?
(30:19 / Allies) MOVIESCENES: we go
(30:44 / Allies) iMlCRO: should i make altar
(30:45 / Allies) iMlCRO: or no
(30:46 / Allies) iMlCRO: :O
(30:57 / Allies) MOVIESCENES: ur just gojnna feed eme xp ur lvl 3?
(31:04 / Allies) iMlCRO: yeah idk
(31:07 / Allies) iMlCRO: level 3 or 4
(31:11 / Allies) MOVIESCENES: nice
(31:13 / Allies) MOVIESCENES: fill htat
(31:14 / Allies) iMlCRO: nice
(31:14 / Allies) MOVIESCENES: niiice
(31:16 / Allies) iMlCRO: it is
(31:31 / Allies) MOVIESCENES: altar
(31:31 / Allies) iMlCRO: landazar
(31:34 / Allies) iMlCRO: yea altar
(31:56 / Allies) iMlCRO: fuck
(32:39 / Allies) MOVIESCENES: he has ank
(32:41 / Allies) MOVIESCENES: not worth it
(32:48 / Allies) MOVIESCENES: tanks
(32:49 / Allies) MOVIESCENES: wtf?!
(33:12 / Allies) MOVIESCENES: shops
(33:14 / Allies) MOVIESCENES: right there lol
(33:25 / Allies) iMlCRO: look at my tauren
(33:27 / Allies) iMlCRO: hes strong.
(33:30 / Allies) iMlCRO: he will scout
(33:31 / Allies) MOVIESCENES: lol
(33:35 / Allies) MOVIESCENES: fuck
(33:37 / Allies) MOVIESCENES: omfg
(33:37 / Allies) iMlCRO: OMFG
(33:44 / Allies) iMlCRO: fuck this guy
(34:07 / Allies) MOVIESCENES: wanna storm this one?
(34:18 / Allies) MOVIESCENES: raider
(34:19 / Allies) MOVIESCENES: share
(34:24 / Allies) iMlCRO: lol
(34:31 / Allies) iMlCRO: uh oh
(34:33 / Allies) iMlCRO: hes gonna find it
(34:33 / Allies) iMlCRO: :(
(34:37 / Allies) iMlCRO: fuckkk
(35:15 / Allies) iMlCRO: tanks
(35:16 / Allies) iMlCRO: go
(35:16 / Allies) iMlCRO: go
(35:30 / Allies) iMlCRO: lvl 1 pitlard
(36:03 / Allies) MOVIESCENES: so annoying
(36:06 / Allies) iMlCRO: bm coming back
(36:18 / Allies) iMlCRO: what u want me to get
(36:26 / Allies) MOVIESCENES: tech demo i guess idk
(36:27 / Allies) MOVIESCENES: zzz
(36:43 / Allies) MOVIESCENES: lets take this out
(37:03 / Allies) MOVIESCENES: scout thsoe agian
(37:04 / Allies) iMlCRO: i checked
(37:04 / Allies) iMlCRO: ok
(37:08 / Allies) TeeKs: check all
(37:10 / Allies) MOVIESCENES: yea
(37:14 / Allies) MOVIESCENES: even that one
(37:33 / Allies) iMlCRO: SHIT
(38:28 / Allies) MOVIESCENES: wow
(38:31 / Allies) iMlCRO: OMFG
(38:31 / Allies) MOVIESCENES: u gotta be kidding me
(38:45 / Allies) MOVIESCENES: lmao
(38:47 / Allies) MOVIESCENES: sigh
(39:10 / Allies) MOVIESCENES: need me?
(39:23 / Allies) MOVIESCENES: rofl
(39:25 / Allies) MOVIESCENES: amazing crit
(39:27 / Allies) iMlCRO: yep
(39:56 / Allies) MOVIESCENES: fuck
(40:57 / Allies) MOVIESCENES: lol
(40:57 / All) umass10: gg
(40:58 / All) iMlCRO: gg
(41:01 / All) umass10: wp